 Dungeon Crawl Stone Soup version 0.31.0-11-ge490571c62 (webtiles) character file.

Game seed: 10341904061828308033

6253 Gadfly the Grappler (level 10, -2/77 HPs)
             Began as a Demonspawn Monk on Feb 5, 2024.
             Was an Initiate of Ru.
             Slain by a lindwurm (16 damage)
             ... on level 9 of the Dungeon.
             The game lasted 00:18:47 (11049 turns).

Gadfly the Grappler (Demonspawn Monk)              Turns: 11049, Time: 00:18:48

Health: -2/77      AC:  4    Str: 23    XL:     10   Next: 62%
Magic:  10/10      EV: 20    Int: 10    God:    Ru [......]
Gold:   586        SH:  5    Dex: 15    Spells: 3/9 levels left

rFire   . .          .
                       - Unarmed
rCold   . . .        (no shield)
rNeg    . . .        a - +0 robe
rPois   .            q - melded +1 helmet
rElec   .            s - melded +1 cloak {rCorr}
rCorr   .            (gloves currently unavailable)
SInv    .            (boots currently unavailable)
Will    .....        h - amulet of reflection
Stlth   +            k - +5 ring of evasion
HPRegen 0.32/turn    p - +6 ring of strength
MPRegen 0.12/turn

%: reflection
@: beast-form
A: beast (slay +3), icy blue scales 1, spiny 2, weakness stinger 1
a: Begin Untransformation, Renounce Religion


You were on level 9 of the Dungeon.
You worshipped Ru.
Ru was noncommittal.
You were a hulking beast.
You visited 2 branches of the dungeon, and saw 10 of its levels.

You collected 586 gold pieces.

Inventory:

Hand Weapons
 b - a +2 spear of venom
 c - the +3 whip "Grim Tooth" {heavy, *Corrode rElec rF- Int+8}
   (You found it on level 9 of the Dungeon)

   Int+8:     It affects your intelligence (+8).
   rF-:       It makes you vulnerable to fire.
   rElec:     It insulates you from electricity.
   *Corrode:  It may corrode you when you take damage.
 A - a +5 mace
 B - a +2 whip of electrocution
 F - a +4 trident of draining
Armour
 a - a +0 robe (worn)
 q - a +1 helmet (melded)
 s - a +1 cloak of preservation (melded)
Jewellery
 h - an amulet of reflection (around neck)
 k - a +5 ring of evasion (left hand)
 n - a ring of poison resistance
 p - a +6 ring of strength (right hand)
 r - a ring of see invisible
 D - a ring of protection from fire
Talismans
 d - a beast talisman (active)
 e - a dragon-blood talisman
 y - a maw talisman
Wands
 f - a wand of mindburst (8) (quivered)
 v - a wand of iceblast (7)
 x - a wand of flame (24)
 z - a wand of acid (4)
 E - a wand of paralysis (5)
Scrolls
 j - 7 scrolls of teleportation
 t - 2 scrolls of fear
 u - 2 scrolls of immolation
 C - 3 scrolls of identify
Potions
 g - a potion of heal wounds
 i - a potion of berserk rage
 l - 3 potions of curing
 m - 2 potions of enlightenment
 o - a potion of resistance
 w - 3 potions of mutation


   Skills:
 + Level 6.3 Fighting
 + Level 6.8 Dodging
 * Level 8.1 Unarmed Combat
 + Level 6.7 Evocations
 * Level 6.9 Shapeshifting


You had 3 spell levels left.
You knew the following spells:

 Your Spells              Type           Power      Damage    Failure   Level
a - Swiftness             Air            0%         N/A       75%         3
b - Passwall              Erth           0%         N/A       75%         3

Your spell library contained the following spells:

 Spells                   Type           Power      Damage    Failure   Level
 Ensorcelled Hibernation  Hex/Ice        0%         N/A       50%         2
 Inner Flame              Hex/Fire       0%         N/A       75%         3
 Tukima's Dance           Hex            0%         N/A       75%         3
 Flame Wave               Conj/Fire      0%         2d4       98%         4
 Passage of Golubria      Tloc           0%         N/A       98%         4
 Sticky Flame             Fire/Alch      0%         2d4       98%         4
 Yara's Violent Unravell  Hex/Alch       0%         3d3       100%        5


Dungeon Overview and Level Annotations

Branches:
Dungeon (9/15)             Temple (1/1) D:7             Orc (0/2) D:9
   Lair: D:8-11

Altars:
Ashenzari
Cheibriados
Dithmenos
Fedhas
Gozag
Hepliaklqana
Kikubaaqudgha
Makhleb
Nemelex Xobeh
Okawaru
Qazlal
Ru
Sif Muna
Trog
Uskayaw
Vehumet
Wu Jian
Xom
Yredelemnul


Innate Abilities, Weirdness & Mutations

You are a hulking beast.
Your limbs bulge with bestial killing power. (Slay +3)
You are partially covered in icy blue scales. (AC +2)
You are mostly covered in sharp spines.
You have a small tail.


Message History

HP restored.
There is an open translucent gate here.
You see here a boulder beetle corpse.
There is an open translucent gate here.
You see here a boulder beetle corpse.
You open the gate. The lindwurm breathes flames at you.
The blast of flame hits you!! The lava snake spits lava at you.
The glob of lava misses you.
There is an open translucent gate here.
You see here a boulder beetle corpse.
A lindwurm is nearby!
Okay, then.
The lindwurm's mind is blasted!!
You hit the lindwurm but do no damage. You tail-slap the lindwurm!
The lindwurm is severely wounded.
The lindwurm bites you. The lindwurm closely misses you.
The lindwurm claws you.
You hit the lindwurm but do no damage. You tail-slap the lindwurm.
The lindwurm is almost dead.
The lindwurm breathes flames at you. The blast of flame hits you!!
You are too injured to fight recklessly!
You are too injured to fight recklessly!
You barely miss the lindwurm.
You tail-slap the lindwurm, but do no damage.
The lindwurm is severely wounded.
The lindwurm bites you.
* * * LOW HITPOINT WARNING * * *
The lindwurm misses you. The lindwurm claws you!
* * * LOW HITPOINT WARNING * * *
Okay, then.
You are too injured to fight recklessly!
Aiming: Mindburst
Press: ? - help, Shift-Dir - straight line, f/p - lindwurm
Aim: a lindwurm (severely wounded, catching its breath, chance to affect: 72%)
The lindwurm struggles to resist.
The lindwurm is struck by your spines. The lindwurm bites you!
You die...

............#
#.............# #.
............#
#.............# #.
#...........#
#.............# ##
#...........#
##########....##
....##......# ##....#
....######### ####.# ....#
#.### ....# ### #.#.. ....#
##h## #.#.# ##### #.#k####
#### #.#.# #######
##.^.##.#SS≈§# #.#.#
......# ######.=#..†.'^..8#
#.#..
......###8##....##.'.'..?"#
#.#..
........#.'.#.####.'.'..$8#
#[#.. ..(...##.8#.#.#
###.#○○§○# #.#..
......#####.#.# ########
#.#.. .....[# ##.## #.#..


You could see a lindwurm (catching breath).

Vanquished Creatures
  A boulder beetle (D:9)
  A two-headed ogre (D:9)
  Pikel (D:8)
  Jeremiah (D:8)
  A troll (D:9)
  A wyvern (D:8)
  3 redbacks (D:9)
  The ghost of Thrivaldi the Apothecary, an amateur HOAl (D:4)
  A steam dragon (D:5)
  3 orc warriors
  A black bear (D:6)
  Pargi (D:3)
  2 ogres
  3 centaurs
  A lemure (D:8)
  A phantom (D:5)
  4 kobold brigands
  A gnoll sergeant (D:8)
  A bullfrog (D:6)
  A scorpion (D:4)
  A water moccasin zombie (D:4)
  5 wights (D:7)
  8 killer bees (D:8)
  2 howler monkeys (D:9)
  2 bombardier beetles
  A jelly (D:8)
  6 orc priests
  8 hounds
  Crazy Yiuf (D:3)
  A sleepcap (D:8)
  A gnoll bouda (D:5)
  10 orc wizards
  An iguana (D:6)
  24 gnolls
  A howler monkey skeleton (D:4)
  3 adders
  A white imp (D:7)
  A ribbon worm (D:2)
  47 orcs
  2 ball pythons
  7 endoplasms
  3 giant cockroaches
  14 goblins
  5 hobgoblins
  2 jackals (D:1)
  37 kobolds
  A quokka (D:3)
  8 bats
  3 frilled lizards
  5 rats
241 creatures vanquished.

Notes
Turn   | Place    | Note
-------+----------+-------------------------------------------
     0 | D:1      | Gadfly the Demonspawn Monk began the quest for the Orb.
     0 | D:1      | Reached XP level 1. HP: 18/18 MP: 1/1
   140 | D:1      | Gained mutation: You are partially covered in icy blue
                  | scales. (AC +2) [demonic ancestry]
   140 | D:1      | Reached XP level 2. HP: 24/24 MP: 2/2
   209 | D:1      | Reached skill level 1 in Evocations
   291 | D:1      | Reached skill level 3 in Unarmed Combat
   299 | D:1      | Reached skill level 1 in Shapeshifting
   344 | D:1      | Reached XP level 3. HP: 28/29 MP: 3/3
  1443 | D:2      | Reached XP level 4. HP: 28/35 MP: 4/4
  2044 | D:3      | Learned a level 3 spell: Swiftness
  2084 | D:3      | Noticed Pargi
  2098 | D:3      | Killed Pargi
  2099 | D:3      | Reached XP level 5. HP: 21/41 MP: 5/5
  2751 | D:3      | Found a runed translucent door.
  2752 | D:3      | Noticed Crazy Yiuf
  2912 | D:3      | Killed Crazy Yiuf
  3431 | D:4      | Gained mutation: You are partially covered in sharp spines.
                  | [demonic ancestry]
  3431 | D:4      | Reached XP level 6. HP: 45/47 MP: 6/6
  3509 | D:4      | Reached skill level 4 in Unarmed Combat
  3923 | D:4      | Found a runed translucent gate.
  3924 | D:4      | Found a runed translucent gate.
  3925 | D:4      | Found a runed translucent gate.
  4095 | D:4      | Reached XP level 7. HP: 52/52 MP: 7/7
  4099 | D:4      | Learned a level 3 spell: Passwall
  4389 | D:4      | Noticed Thrivaldi's ghost (amateur HOAl)
  4427 | D:4      | Killed Thrivaldi's ghost
  4663 | D:5      | Entered Level 5 of the Dungeon
  4862 | D:5      | Noticed a steam dragon
  4878 | D:5      | Killed a steam dragon
  4879 | D:5      | Reached skill level 5 in Unarmed Combat
  4879 | D:5      | Gained mutation: You have a small tail. [demonic ancestry]
  4879 | D:5      | Reached XP level 8. HP: 26/60 MP: 8/8
  5420 | D:6      | Reached skill level 5 in Evocations
  5810 | D:6      | Found a shimmering blue altar of Sif Muna.
  6084 | D:6      | Reached skill level 6 in Unarmed Combat
  6088 | D:6      | Reached skill level 5 in Dodging
  6747 | D:7      | Reached XP level 9. HP: 66/66 MP: 9/9
  7178 | D:7      | Noticed a +0 short sword
  7178 | D:7      | Noticed a +0 dagger
  7178 | D:7      | Noticed a +0 dagger
  7178 | D:7      | Noticed a +0 short sword
  7178 | D:7      | Noticed a +0 spear
  7178 | D:7      | Noticed a +0 falchion
  7178 | D:7      | Noticed a +0 spear
  7178 | D:7      | Noticed a +0 falchion
  7206 | D:7      | Found a hide-covered altar of Uskayaw.
  7207 | D:7      | Found a staircase to the Ecumenical Temple.
  7430 | D:7      | Reached skill level 5 in Shapeshifting
  7625 | D:7      | Found a hazy altar of Hepliaklqana.
  7633 | D:7      | Found a blossoming altar of Fedhas.
  8012 | Temple   | Entered the Ecumenical Temple
  8026 | Temple   | Became a worshipper of Ru the Awakened
  8085 | D:8      | Found an iron altar of Okawaru.
  8092 | D:8      | Noticed Pikel
  8125 | D:8      | Killed Pikel
  8126 | D:8      | Reached skill level 5 in Fighting
  8702 | D:8      | Reached skill level 7 in Unarmed Combat
  8865 | D:8      | Noticed Jeremiah
  8875 | D:8      | Killed Jeremiah
  8876 | D:8      | Gained mutation: You are mostly covered in sharp spines.
                  | [demonic ancestry]
  8876 | D:8      | Reached XP level 10. HP: 66/75 MP: 10/10
  8983 | D:8      | Noticed an angel
  9011 | D:8      | Identified the +3 spear of Karma {drain, rElec rC+ Int+9
                  | Dex-3}
  9025 | D:8      | Found a sparkling altar of Nemelex Xobeh.
  9277 | D:9      | Noticed a two-headed ogre
  9289 | D:9      | Killed a two-headed ogre
  9293 | D:9      | Found a shadowy altar of Dithmenos.
  9428 | D:9      | Found a staircase to the Orcish Mines.
  9887 | D:9      | Identified the +5 long sword of Gozag's Hope {holy, Stlth+}
 10302 | D:9      | Found a runed translucent door.
 10610 | D:9      | Identified the +3 whip "Grim Tooth" {heavy, *Corrode rElec
                  | rF- Int+8}
 10614 | D:9      | Found a runed translucent gate.
 10614 | D:9      | Found a runed translucent gate.
 10614 | D:9      | Found a runed translucent gate.
 10614 | D:9      | Found a runed translucent gate.
 10614 | D:9      | Found a runed translucent gate.
 10614 | D:9      | Found a runed translucent gate.
 10614 | D:9      | Noticed a lindwurm
 10614 | D:9      | Noticed a boulder beetle
 10885 | D:9      | Killed a boulder beetle
 10886 | D:9      | Reached skill level 8 in Unarmed Combat
 11049 | D:9      | Slain by a lindwurm

Illustrated notes

Levels and vault maps discovered:
D:1:      wander_arrival_peaceful_grave, layout_basic
D:2:      layout_loops_corners, dreamdust_princess_corridor, minivault_11,
          minmay_misc_feat_square
D:3:      layout_basic, uniq_crazy_yiuf_cottage, uniq_pargi
D:4:      layout_loops_corners, gammafunk_ghost_necromancy, minmay_distorted
D:5:      layout_basic, cheibrodos_gnoll_hut
D:6:      kennysheep_big_flooded_room, layout_loops_ring, kennysheep_mini
D:7:      mumra_celtic_spiral_tile, layout_loops_ring,
          nicolae_uskayaw_en_pointe, amethyst_overflow_temple_binary,
          minmay_temple_entry_proselytizer, enter_bailey_5,
          chequers_decorated_corner, serial_library_hellmonk_hallway_a
D:8:      layout_loops_cross, okawaru_trees_2, zin_angel,
          grunt_temple_overflow_open, uniq_jeremiah, uniq_pikel
D:9:      gammafunk_indiana_jones, layout_basic,
          mainiacjoe_overflow_small_starburst, hiddenorc2_lemuel
Temple:   nicolae_temple_figure_eight

Skill      XL: |  1  2  3  4  5  6  7  8  9 10 |
---------------+-------------------------------+-----
Evocations     | 1 2 3 4 5 6 |  6.7
Unarmed Combat | 3 4 5 6 7 8 |  8.1
Shapeshifting  | 1 2 3 4 6 |  6.9
Dodging        | 3 4 5 6 |  6.8
Fighting       | 4 5 6 |  6.3

Action                     |  1- 3 |  4- 6 |  7- 9 | 10-12 || total
---------------------------+-------+-------+-------+-------++-------
  Melee: Unarmed           |   102 |       |   337 |   135 ||   574
         Whip              |    10 |   131 |       |       ||   141
         Punch             |       |     3 |    14 |    10 ||    27
         Spear             |       |    17 |    25 |       ||    42
         Tailslap          |       |       |    42 |    29 ||    71
 Invoke: Reject Sacrifices |       |       |     1 |       ||     1
Ability: Begin Untransform |       |     2 |     2 |       ||     4
  Evoke: Wand              |       |       |     5 |     4 ||     9
    Use: Scroll            |     6 |     4 |     4 |       ||    14
         Potion            |       |     1 |     2 |     2 ||     5
   Stab: Sleeping          |       |     2 |     1 |       ||     3
         Paralysed         |       |       |       |    15 ||    15
 Armour: Robe              |    46 |    61 |   121 |    42 ||   270
         Skin              |       |       |    15 |       ||    15
  Dodge: Dodged            |   101 |   125 |   210 |    56 ||   492
  Block: Other             |       |    23 |    76 |    18 ||   117
         Reflection        |       |       |     7 |       ||     7
   Form: Beast             |       |     2 |     2 |     1 ||     5
